 Dungeon Sprint DCSS version 0.18-a0-1782-gb76a692 (webtiles) character file.

39316 Kidiri the Warrior (level 14, -36/104 HPs)
             Began as a Gargoyle Fighter on Apr 17, 2016.
             Was a High Priest of Okawaru.
             Annihilated by an ettin
             ... wielding a +0 dire flail
              (44 damage)
             ... in the Dungeon (Sprint IX: "|||||||||||||||||||||||||||||").
             The game lasted 00:21:15 (5001 turns).

Kidiri the Warrior (Gargoyle Fighter)               Turns: 5001, Time: 00:21:15

Health: -36/104    AC: 15    Str: 25    XL:     14   Next: 6%
Magic:  18/19      EV: 14    Int:  9    God:    Okawaru [*****.]
Gold:   1771       SH: 15    Dex:  9    Spells: 0 memorised, 13 levels left

rFire  . . .     SeeInvis +     a - +2 flail
rCold  + . .     Gourm    .     s - +3 chain mail {rC+}
rNeg   + . .     Faith    .     x - +0 shield {reflect}
rPois  ∞         Spirit   .     C - +0 hat {MR+}
rElec  +         Dismiss  .     t - +1 cloak
rCorr  .         Reflect  +     H - +1 pair of gloves
SustAt .         Harm     .     G - +1 pair of boots
MR     ++...     NoTele   +     (no amulet)
Stlth  ..........               F - ring of see invisible
                                r - +2 ring of evasion

@: finesse, corroded, invisible, very resistant to hostile enchantments,
extremely unstealthy
A: big wings, low mp 1, negative energy resistance 1, electricity resistance,
unbreathing, petrification resistance, rot immunity, AC +9
a: Fly, Heroism, Finesse, Renounce Religion


You were in the Dungeon.
You worshipped Okawaru.
Okawaru was extremely pleased with you.
You were not hungry.

You visited 1 branch You collected 1951 gold pieces.
You spent 180 gold pieces at shops.

Inventory:

Hand Weapons
 a - a +2 flail (weapon)
Missiles
 c - 6 tomahawks of returning (quivered)
 e - 2 exploding tomahawks
 k - 2 poisoned javelins
 z - 4 silver javelins
 A - a steel tomahawk
 D - a throwing net
Armour
 s - a +3 chain mail of cold resistance (worn)
 t - a +1 cloak (worn)
 x - a +0 shield of reflection (worn)
 C - a +0 hat of magic resistance (worn)
 G - a +1 pair of boots (worn)
 H - a +1 pair of gloves (worn)
Jewellery
 j - an uncursed ring of ice
 r - a +2 ring of evasion (left hand)
 w - an uncursed ring of fire
 E - an uncursed ring of protection from magic
 F - a ring of see invisible (right hand)
Wands
 f - a wand of paralysis (7/24)
 m - a wand of enslavement (11/24)
 q - a wand of iceblast (0/15)
Scrolls
 o - 4 scrolls of remove curse
 p - 2 scrolls of amnesia
 K - a scroll of fog
 M - a scroll of fear
Potions
 d - a potion of might
 h - 5 potions of haste
 i - 4 potions of magic
 u - a potion of degeneration {unknown}
 B - 2 potions of brilliance
 I - 2 potions of agility
Comestibles
 b - 4 chunks of flesh
 l - 40 fruits
 n - 12 bread rations
 v - 10 meat rations


   Skills:
 * Level 18.4 Fighting
 + Level 12.6 Maces & Flails
 + Level 11.4 Throwing
 * Level 18.3 Armour
 + Level 10.5 Dodging
 * Level 18.3 Shields
 - Level 10.0 Invocations


You had 13 spell levels left.
You didn't know any spells.

Dungeon Overview and Level Annotations

Branches:
Dungeon (1/1)

Altars:
Cheibriados
Dithmenos
Elyvilon
Fedhas
Gozag
Kikubaaqudgha
Makhleb
Nemelex Xobeh
Okawaru
Pakellas
Qazlal
Ru
Sif Muna
Trog
Vehumet
Xom
Yredelemnul
Zin
The Shining One
Beogh
Jiyva
Lugonu

Shops:
D %%(?


Innate Abilities, Weirdness & Mutations

You are resistant to torment.
Your stone body is resilient (AC +9).
You are immune to poison.
Your large and strong wings let you fly indefinitely.
You resist negative energy.
You are resistant to electric shocks.
You can survive without breathing.
You are immune to petrification.
You are immune to rotting.
Your magical capacity is low (-10% MP).


Message History

You are too injured to fight recklessly!
You are too injured to fight recklessly!
You are too injured to fight recklessly!
You are too injured to fight recklessly!
You are too injured to fight recklessly!
You are too injured to fight recklessly!
You are too injured to fight recklessly!
You are too injured to fight recklessly!
You are too injured to fight recklessly!
You are too injured to fight recklessly!
You are too injured to fight recklessly!
You are too injured to fight recklessly!
You are too injured to fight recklessly!
You are too injured to fight recklessly!
You are too injured to fight recklessly!
Unknown command.
Drink which item? (? for menu, Esc to quit)
You fade into invisibility!
The ettin barely misses you. The ettin hits you with a dire flail!!!
You die...

▓.▓.▓.▓.▓.▓.▓.▓.▓.
▓.▓.▓.▓.▓.▓)▓.▓.▓.
▓.▓.▓.▓.▓.▓.▓'▓.▓.
▓.▓.▓%▓.▓.▓.▓)▓.▓.
▓.▓.▓'▓.▓)▓(▓)▓.▓[
▓.▓.▓.▓.▓)▓(▓)▓.▓.
▓'▓.▓.▓.▓)▓(▓)▓.▓.
▓.▓.▓.▓[▓)▓(▓)▓.▓.
▓@▓.▓.▓)▓)▓.▓.▓.▓.
▓C▓.▓.▓.▓)▓.▓)▓.▓.
▓D▓.▓.▓.▓)▓.▓)▓.▓'
▓i▓.▓.▓.▓)▓.▓.▓.▓.
▓D▓.▓.▓.▓.▓.▓.▓.▓.
▓c▓.▓.▓.▓.▓.▓.▓.▓.
▓.▓.▓%▓.▓[▓.▓.▓.▓.
▓.▓.▓)▓.▓.▓.▓.▓.▓.
▓.▓)▓.▓[▓.▓'▓.▓.


You could see 2 fire dragons, a yaktaur captain, an ettin and a spriggan
berserker.

Vanquished Creatures
  A thorn hunter (D)
  Gastronok (D)
  Donald (D)
  A stone giant (D)
  A very ugly thing (D)
  2 vampire knights (D)
  A merfolk impaler (D)
  An ogre mage (D)
  An entropy weaver (D)
  5 hydras (D)
  A merfolk aquamancer (D)
  Erica (D)
  A death knight (D)
  2 orc high priests (D)
  A deep troll earth mage (D)
  A tengu warrior (D)
  An alligator (D)
  A spriggan berserker (D)
  A salamander mystic (D)
  A sea snake (D)
  A naga ritualist (D)
  2 wizards (D)
  3 orc knights (D)
  A swamp dragon (D)
  A hill giant (D)
  An orb spider (D)
  A mana viper (D)
  7 orc sorcerers (D)
  A manticore (D)
  A wolf spider (D)
  A griffon (D)
  Joseph (D)
  3 black mambas (D)
  Maurice (D)
  A water nymph (D)
  2 naga magi (D)
  3 spiny frogs (D)
  A yaktaur (D)
  A komodo dragon (D)
  2 merfolk (D)
  3 jumping spiders (D)
  A tengu conjurer (D)
  2 trolls (D)
  A troll (shapeshifter) (D)
  3 polar bears (D)
  A blink frog (D)
  A slime creature (D)
  2 bog bodies (D)
  A boulder beetle (D)
  A redback (D)
  A water elemental (D)
  2 yaks (D)
  3 tarantellas (D)
  A hungry ghost (D)
  A vampire mosquito (D)
  A mottled dragon (D)
  A naga (D)
  2 porcupines (D)
  A swamp drake (D)
  8 orc warriors (D)
  5 black bears (D)
  A crocodile (D)
  A giant frog (D)
  A killer bee (D)
  A crimson imp (D)
  2 orc priests (D)
  A worker ant (D)
  10 orc wizards (D)
  2 river rats (D)
  An adder zombie (D)
  An adder skeleton (D)
  A dart slug (D)
  8 orcs (D)
  3 bat skeletons (D)
  A goblin (D)
  A jackal (D)
  2 kobolds (D)
  A bat (D)
  A jackal zombie (D)
  A quokka zombie (D)
143 creatures vanquished.

Vanquished Creatures (others)
  A hydra (D)
  A satyr (D)
  A hippogriff (D)
  A crocodile (D)
4 creatures vanquished.

Grand Total: 147 creatures vanquished

Notes
Turn   | Place    | Note
--------------------------------------------------------------
     0 | D        | Kidiri the Gargoyle Fighter began the quest for the Orb.
     0 | D        | Reached XP level 1. HP: 14/14 MP: 1/1
    17 | D        | Reached XP level 2. HP: 19/20 MP: 2/2
    36 | D        | Noticed a crimson imp
    84 | D        | Reached skill level 1 in Dodging
   104 | D        | Killed a crimson imp
   104 | D        | Reached skill level 5 in Fighting
   104 | D        | Reached skill level 1 in Throwing
   104 | D        | Reached skill level 5 in Shields
   104 | D        | Reached XP level 3. HP: 26/26 MP: 3/3
   110 | D        | Found a glowing silver altar of Zin.
   110 | D        | Found a glowing golden altar of the Shining One.
   110 | D        | Found an ancient bone altar of Kikubaaqudgha.
   110 | D        | Found a basalt altar of Yredelemnul.
   110 | D        | Found a shimmering altar of Xom.
   110 | D        | Found a radiant altar of Vehumet.
   111 | D        | Found an iron altar of Okawaru.
   112 | D        | Found a burning altar of Makhleb.
   113 | D        | Found a deep blue altar of Sif Muna.
   114 | D        | Found a bloodstained altar of Trog.
   115 | D        | Found a sparkling altar of Nemelex Xobeh.
   116 | D        | Found a white marble altar of Elyvilon.
   117 | D        | Found a roughly hewn altar of Beogh.
   118 | D        | Found a viscous altar of Jiyva.
   119 | D        | Became a worshipper of Warmaster Okawaru
   120 | D        | Found a corrupted altar of Lugonu.
   121 | D        | Found a blossoming altar of Fedhas.
   122 | D        | Found a snail-covered altar of Cheibriados.
   123 | D        | Found a shadowy altar of Dithmenos.
   124 | D        | Found a stormy altar of Qazlal.
   125 | D        | Found an opulent altar of Gozag.
   126 | D        | Found a sacrificial altar of Ru.
   127 | D        | Found an oddly glowing altar of Pakellas.
   181 | D        | Noticed a killer bee
   228 | D        | Reached skill level 5 in Armour
   228 | D        | Reached XP level 4. HP: 31/31 MP: 4/4
   263 | D        | Reached skill level 1 in Invocations
   263 | D        | Reached XP level 5. HP: 23/36 MP: 4/6
   377 | D        | Noticed a hill giant
   377 | D        | Noticed a tengu warrior
   377 | D        | Noticed a yak
   377 | D        | Noticed a troll
   384 | D        | Killed a hill giant
   384 | D        | Reached skill level 5 in Maces & Flails
   384 | D        | Reached XP level 6. HP: 42/45 MP: 6/9
   384 | D        | Reached XP level 7. HP: 47/50 MP: 6/10
   460 | D        | Killed a yak
   460 | D        | Reached * piety under Okawaru
   462 | D        | Killed a tengu warrior
   462 | D        | Reached skill level 5 in Throwing
   462 | D        | Reached skill level 5 in Invocations
   462 | D        | Reached XP level 8. HP: 43/57 MP: 10/12
   476 | D        | Killed a troll
   476 | D        | Reached ** piety under Okawaru
   476 | D        | Reached skill level 10 in Fighting
   476 | D        | Reached skill level 10 in Armour
   476 | D        | Reached skill level 5 in Dodging
   476 | D        | Reached skill level 10 in Shields
   666 | D        | Noticed a komodo dragon
   666 | D        | Noticed a yak
   666 | D        | Noticed a seven-headed hydra
   678 | D        | Noticed a blink frog
   679 | D        | Killed a komodo dragon
   679 | D        | Reached XP level 9. HP: 57/63 MP: 11/13
   683 | D        | Noticed a spiny frog
   687 | D        | Killed a seven-headed hydra
   687 | D        | Reached *** piety under Okawaru
   713 | D        | Killed a spiny frog
  1025 | D        | Reached XP level 10. HP: 60/71 MP: 15/15
  1098 | D        | Noticed a five-headed hydra
  1098 | D        | Noticed a griffon
  1101 | D        | Noticed an eight-headed hydra
  1104 | D        | Noticed a spiny frog
  1108 | D        | Killed a five-headed hydra
  1626 | D        | Killed a griffon
  1634 | D        | Killed an eight-headed hydra
  1634 | D        | Reached **** piety under Okawaru
  1649 | D        | Killed a spiny frog
  1849 | D        | Received a gift from Okawaru
  2014 | D        | Noticed Maurice
  2025 | D        | Killed Maurice
  2034 | D        | Noticed Gastronok
  2057 | D        | Killed Gastronok
  2057 | D        | Received a gift from Okawaru
  2057 | D        | Reached ***** piety under Okawaru
  2057 | D        | Received a gift from Okawaru
  2057 | D        | Reached XP level 11. HP: 71/78 MP: 17/17
  2347 | D        | Noticed an orc high priest
  2347 | D        | Noticed an orc knight
  2353 | D        | Noticed an orc knight
  2380 | D        | Noticed an orc knight
  2384 | D        | Killed an orc high priest
  2384 | D        | Received a gift from Okawaru
  2385 | D        | Noticed an orc high priest
  2393 | D        | Killed an orc knight
  2402 | D        | Killed an orc knight
  2419 | D        | Noticed a soul eater
  2426 | D        | Noticed a sun demon
  2543 | D        | Noticed a sun demon
  2649 | D        | Noticed a sixfirhy
  2659 | D        | Killed an orc knight
  2663 | D        | Killed an orc high priest
  3015 | D        | Found Ceaclip's Food Emporium.
  3015 | D        | Noticed an orc sorcerer
  3015 | D        | Noticed an orc sorcerer
  3015 | D        | Noticed an orc sorcerer
  3016 | D        | Noticed an orc sorcerer
  3020 | D        | Noticed a sixfirhy
  3025 | D        | Killed an orc sorcerer
  3026 | D        | Found Yfaekh's Food Shoppe.
  3032 | D        | Noticed an orc sorcerer
  3042 | D        | Killed an orc sorcerer
  3042 | D        | Reached skill level 10 in Invocations
  3043 | D        | Found Maufalur's Antique Weapon Emporium.
  3056 | D        | Killed an orc sorcerer
  3066 | D        | Killed an orc sorcerer
  3066 | D        | Reached skill level 10 in Maces & Flails
  3066 | D        | Reached XP level 12. HP: 76/86 MP: 14/19
  3074 | D        | Paralysed by an orc sorcerer for 7 turns
  3095 | D        | Found Qonigigy's Magic Scroll Shoppe.
  3117 | D        | Reached skill level 15 in Fighting
  3134 | D        | Bought a scroll of blinking for 90 gold pieces
  3134 | D        | Bought a scroll of enchant armour for 90 gold pieces
  3288 | D        | Noticed Joseph
  3301 | D        | Noticed Erica
  3302 | D        | Killed Joseph
  3302 | D        | Reached skill level 15 in Shields
  3321 | D        | Killed Erica
  3321 | D        | Received a gift from Okawaru
  3321 | D        | Reached skill level 15 in Armour
  3516 | D        | Noticed a six-headed hydra
  3516 | D        | Noticed a seven-headed hydra
  3526 | D        | Noticed a stone giant
  3526 | D        | Killed a six-headed hydra
  3536 | D        | Noticed a death knight
  3543 | D        | Received a gift from Okawaru
  3554 | D        | Noticed a deep troll earth mage
  3554 | D        | Killed a seven-headed hydra
  3559 | D        | Noticed a vampire knight
  3568 | D        | Received a gift from Okawaru
  3602 | D        | Killed a vampire knight
  3628 | D        | Killed a stone giant
  3628 | D        | Received a gift from Okawaru
  3645 | D        | Killed a death knight
  3646 | D        | Killed a deep troll earth mage
  3691 | D        | Noticed an ogre mage
  3700 | D        | Killed an ogre mage
  3700 | D        | Reached skill level 10 in Throwing
  3700 | D        | Reached XP level 13. HP: 59/95 MP: 20/20
  3709 | D        | Gained mutation: Your magical capacity is low (-10% MP). [mutagenic meat]
  3904 | D        | Noticed Donald
  3943 | D        | Killed Donald
  3943 | D        | Received a gift from Okawaru
  4403 | D        | Noticed a thorn hunter
  4437 | D        | Killed a thorn hunter
  4437 | D        | Reached skill level 10 in Dodging
  4655 | D        | Noticed a merfolk impaler
  4681 | D        | Received a gift from Okawaru
  4724 | D        | Killed a merfolk impaler
  4889 | D        | Noticed a brown very ugly thing
  4889 | D        | Noticed an entropy weaver
  4889 | D        | Noticed a vampire knight
  4889 | D        | Noticed an ettin
  4926 | D        | Killed a brown very ugly thing
  4927 | D        | Noticed a fire dragon
  4949 | D        | Killed an entropy weaver
  4949 | D        | Gained mutation: Your large and strong wings let you fly indefinitely. [Gargoyle growth]
  4949 | D        | Reached XP level 14. HP: 77/104 MP: 15/19
  4964 | D        | Killed a vampire knight
  5001 | D        | Annihilated by an ettin

Vault maps used:
D:        linesprint

Skill      XL: |  1  2  3  4  5  6  7  8  9 10 11 12 13 |
---------------+----------------------------------------+-----
Shields        | 5 8 9 10 11 13 14 16 18 | 18.3
Fighting       | 5 8 9 10 11 13 14 16 18 | 18.4
Armour         | 4 5 8 9 10 11 13 14 16 18 | 18.3
Dodging        | 1 2 3 4 5 6 7 8 9 10 | 10.5
Maces & Flails | 3 5 6 7 9 10 11 12 | 12.6
Throwing       | 1 2 4 5 6 7 8 10 11 | 11.4
Invocations    | 1 4 5 6 7 9 10 | 10.0

Action                   |  1- 3 |  4- 6 |  7- 9 | 10-12 | 13-15 || total
-------------------------+-------+-------+-------+-------+-------++-------
Melee: Flail             |   116 |    40 |    80 |   493 |   449 ||  1178
Throw: Stone             |     3 |       |       |       |       ||     3
       Tomahawk          |       |       |       |    36 |     7 ||    43
       Javelin           |       |       |       |     5 |       ||     5
Invok: Heroism           |       |       |     3 |    16 |     7 ||    26
       Finesse           |       |       |       |     6 |     7 ||    13
Evoke: Wand              |       |       |     7 |     1 |       ||     8
  Use: Potion            |     3 |     1 |     3 |     9 |     1 ||    17
       Scroll            |       |       |     6 |     6 |       ||    12
 Stab: Confused          |       |       |       |       |     1 ||     1
  Eat: Chunk             |       |       |     1 |     3 |     3 ||     7
       Bread ration      |       |       |       |     1 |       ||     1
       Meat ration       |       |       |       |     1 |     1 ||     2
Armor: Scale mail        |    43 |       |       |       |       ||    43
       Plate armour      |    25 |    39 |    65 |    77 |       ||   206
       Chain mail        |       |       |       |    78 |    74 ||   152
Dodge: Dodged            |    31 |    12 |    26 |   129 |    99 ||   297
Block: Shield            |    53 |    41 |    70 |   240 |   146 ||   550
       Reflection        |       |       |       |       |     5 ||     5
